 Dungeon Crawl Stone Soup version 0.19.4-9-g45fd643 (webtiles) character file.

3717 Gorglomux the Covert (level 10, -1/84 HPs)
             Began as a Naga Enchanter on Feb 19, 2017.
             Was an Initiate of Fedhas.
             Killed from afar by an electric eel (9 damage)
             ... with a bolt of electricity
             ... on level 7 of the Dungeon.
             The game lasted 00:22:41 (9434 turns).

Gorglomux the Covert (Naga Enchanter)               Turns: 9434, Time: 00:22:42

Health: -1/84      AC:  7    Str: 11    XL:     10   Next: 14%
Magic:  4/17       EV: 12    Int: 18    God:    Fedhas [......]
Gold:   105        SH:  0    Dex: 12    Spells: 3 memorised, 13 levels left

rFire  x . .     SeeInvis +     a - +2 dagger
rCold  + + .     Gourm    .     X - +1 robe
rNeg   . . .     Faith    .     (no shield)
rPois  +         Spirit   .     I - +1 helmet
rElec  .         Reflect  .     (no cloak)
rCorr  .         Harm     .     (no gloves)
MR     +....                    (no barding)
Stlth  ++++......               (no amulet)
                                P - ring of ice (curse)
                                c - ring of protection from cold

@: very slightly contaminated, very slow
A: see invisible, deformed body, poison resistance, slowness 2, slow metabolism
1, spit poison 1, AC +3
a: Spit Poison, Fungal Bloom, Renounce Religion


You were on level 7 of the Dungeon.
You worshipped Fedhas.
Fedhas was noncommittal.
You were very hungry.

You visited 2 branches of the dungeon, and saw 9 of its levels.

You collected 384 gold pieces.
You spent 279 gold pieces at shops.

Inventory:

Hand Weapons
 a - a +2 dagger (weapon)
 b - a +0 hunting sling
Missiles
 f - 198 stones (quivered)
 Z - 44 sling bullets
Armour
 j - a +0 buckler
 I - a +1 helmet (worn)
 X - a +1 robe (worn)
Jewellery
 c - a ring of protection from cold (left hand)
 P - a cursed ring of ice (right hand)
Wands
 z - a wand of digging (5/24)
 D - a wand of digging (20/24)
 S - a wand of disintegration (12/24)
Scrolls
 i - a scroll of magic mapping {unknown}
 m - a scroll of recharging {unknown}
 n - 4 scrolls of remove curse
 A - 2 scrolls of enchant weapon
 C - a scroll of silence {unknown}
 G - a scroll of immolation
 H - 3 scrolls of fog
 M - a scroll of noise
 R - a scroll of identify
 T - 2 scrolls of teleportation
 U - 2 scrolls of amnesia
 Y - a scroll of fear {unknown}
Potions
 l - 2 potions of degeneration
 F - 2 potions of brilliance
 J - 2 potions of magic
 K - a potion of berserk rage
 N - a potion of heal wounds
 O - 4 potions of curing
 V - 3 potions of might
 W - a potion of flight
Books
 E - a book of Maledictions

   Spells                             Type                      Level
   a - Corona                         Hexes                        1
   b - Ensorcelled Hibernation        Hexes/Ice                    2
   c - Confuse                        Hexes                        3
   d - Tukima's Dance                 Hexes                        3
   e - Dazzling Spray                 Conjuration/Hexes            3
Comestibles
 d - 6 bread rations
 L - 2 meat rations
 Q - 3 fruits


   Skills:
 - Level 3.2 Fighting
 - Level 5.1 Short Blades
 + Level 5.6 Dodging
 - Level 9.0 Stealth
 - Level 5.0 Spellcasting
 - Level 9.0 Hexes


You had 13 spell levels left.
You knew the following spells:

 Your Spells              Type           Power        Failure   Level  Hunger
a - Corona                Hex            #####..      1%          1    None
x - Confuse               Hex            #####...     1%          3    ##.....
z - Ensorcelled Hibernat  Hex/Ice        ####..       3%          2    #......


Dungeon Overview and Level Annotations

Branches:
Dungeon (8/15)             Temple (1/1) D:4
   Lair: D:8-11

Altars:
Ashenzari
Cheibriados
Dithmenos
Elyvilon
Fedhas
Gozag
Hepliaklqana
Kikubaaqudgha
Makhleb
Nemelex Xobeh
Okawaru
Qazlal
Ru
Sif Muna
Trog
Uskayaw
Vehumet
Xom
Yredelemnul
Zin
The Shining One

Shops:
D:5 =(??!   D:6 }


Innate Abilities, Weirdness & Mutations

You cannot wear boots.
Your serpentine skin is tough. (AC +3)
You have supernaturally acute eyesight. (SInv)
Armour fits poorly on your strangely shaped body.
Your system is resistant to poisons. (rPois)
You cover ground very slowly.
You have a slow metabolism.
You can spit poison.


Message History

Casting: Ensorcelled Hibernation
Confirm with . or Enter, or press ? or * to list all spells.
Aiming: Ensorcelled Hibernation
Press: ? - help, Shift-Dir - straight line, f/p - electric eel
Aim: an electric eel (chance to defeat MR: 68%)
You feel a surge of power!
The electric eel struggles to resist.
The electric eel shoots out a bolt of lightning at you!
The bolt of electricity hits you!
* * * LOW HITPOINT WARNING * * *
The bolt of electricity hits the plant.
Casting: Ensorcelled Hibernation
Confirm with . or Enter, or press ? or * to list all spells.
Aiming: Ensorcelled Hibernation
Press: ? - help, Shift-Dir - straight line, f/p - electric eel
Aim: an electric eel (chance to defeat MR: 68%)
You feel a surge of power!
The electric eel struggles to resist.
The electric eel shoots out a bolt of lightning at you!
The bolt of electricity hits you!
You die...
Fedhas appreciates your contribution to the ecosystem.

#.####### #. #...#
#........
♣♣♣###.##...####....####
≈P≈P≈P≈≈≈...#........#..
≈≈≈≈≈≈≈≈P...#.###....#.#
≈≈≈≈P≈≈P≈...#...'..).#..
≈≈≈≈≈≈≈≈≈...#..##....###
≈≈≈≈PPP;....#...........
≈≈≈P≈≈≈@.......#........
≈≈≈P≈≈≈........###......
≈≈≈≈≈≈P≈.............##.
≈≈≈≈PP≈PP..?..#########.
P≈≈≈≈≈≈≈P.....+ #.
♣≈≈≈P≈≈≈≈.....# ##
♣♣♣#..........#
#....??.....


You could see an electric eel.

Vanquished Creatures
  Pikel (D:6)
  Psyche (D:8)
  The ghost of vatarom the Chiller, an amateur DrIE (D:6)
  Menkaure (D:5)
  2 slaves (D:6)
  4 orc warriors (D:7)
  A black bear (D:7)
  2 sky beasts (D:6)
  6 ogres
  A necrophage (D:5)
  4 centaurs
  3 bullfrogs
  3 scorpions
  3 crimson imps
  A jelly (D:6)
  3 orc priests
  2 bullfrog skeletons
  A centaur skeleton (D:5)
  2 gnoll shamans (D:7)
  2 hounds (D:4)
  2 iguanas
  3 worker ants
  2 hound skeletons
  A worker ant zombie (D:5)
  9 gnolls
  A howler monkey skeleton (D:5)
  10 adders
  2 shadow imps (D:7)
  An ooze (D:1)
  An adder zombie (D:6)
  2 adder skeletons
  A worm (D:2)
  6 dart slugs
  3 leopard geckos
  8 orcs
  5 bats
  16 giant cockroaches
  4 hobgoblins
  2 jackals (D:1)
  3 quokkas
  A ball python (D:4)
  6 frilled lizards
  6 goblins
  A jackal skeleton (D:6)
  7 kobolds
  12 rats
159 creatures vanquished.

Vanquished Creatures (others)
  A slave (D:6)
  A bullfrog (D:6)
  4 plants (D:7)
  25 toadstools
31 creatures vanquished.

Grand Total: 190 creatures vanquished

Notes
Turn   | Place    | Note
-------+----------+-------------------------------------------
     0 | D:1      | Gorglomux the Naga Enchanter began the quest for the Orb.
     0 | D:1      | Reached XP level 1. HP: 15/15 MP: 3/3
    43 | D:1      | Reached XP level 2. HP: 11/22 MP: 3/5
   272 | D:1      | Learned a level 2 spell: Ensorcelled Hibernation
   696 | D:1      | Reached XP level 3. HP: 28/28 MP: 6/6
   793 | D:1      | Learned a level 3 spell: Confuse
  1341 | D:2      | Reached skill level 6 in Stealth
  1341 | D:2      | Reached XP level 4. HP: 8/36 MP: 1/7
  1686 | D:2      | Reached skill level 3 in Short Blades
  2571 | D:3      | Reached XP level 5. HP: 27/42 MP: 8/8
  3658 | D:4      | Reached XP level 6. HP: 9/49 MP: 9/9
  3991 | D:4      | Found a staircase to the Ecumenical Temple.
  4001 | Temple   | Entered the Ecumenical Temple
  4255 | Temple   | Became a worshipper of Fedhas Madash
  4554 | D:5      | Entered Level 5 of the Dungeon
  4560 | D:5      | Found Gufi's Jewellery Shop.
  4943 | D:5      | Reached XP level 7. HP: 3/55 MP: 1/10
  5256 | D:5      | Reached skill level 9 in Stealth
  5270 | D:5      | Found Abor's Magic Scroll Shoppe.
  5277 | D:5      | Bought a scroll of identify for 28 gold pieces
  5277 | D:5      | Bought a scroll of enchant armour for 105 gold pieces
  5277 | D:5      | Bought a scroll of amnesia for 49 gold pieces
  5277 | D:5      | Bought a scroll of fog for 28 gold pieces
  5277 | D:5      | Bought a scroll of identify for 28 gold pieces
  5277 | D:5      | Bought a scroll of identify for 28 gold pieces
  5449 | D:5      | Found Zekoza Gyng's Magic Scroll Shop.
  5577 | D:5      | Reached skill level 3 in Spellcasting
  5610 | D:5      | Bought a scroll of noise for 13 gold pieces
  5796 | D:5      | Found Entes's Distillery.
  5912 | D:5      | Noticed Menkaure
  5923 | D:5      | Killed Menkaure
  5923 | D:5      | Reached XP level 8. HP: 37/62 MP: 10/13
  6480 | D:5      | Found Xafamp's Antique Weapon Emporium.
  6662 | D:6      | Found a blossoming altar of Fedhas.
  6716 | D:6      | Reached skill level 6 in Hexes
  7657 | D:6      | Noticed vatarom's ghost (amateur DrIE)
  7703 | D:6      | Killed vatarom's ghost
  7703 | D:6      | Reached XP level 9. HP: 45/68 MP: 13/16
  7748 | D:6      | You fall through a shaft for 2 floors!
  7827 | D:8      | Noticed Psyche
  7833 | D:8      | Killed Psyche
  7836 | D:8      | Found a sparkling altar of Nemelex Xobeh.
  8019 | D:6      | Found Pone's Gadget Emporium.
  8025 | D:6      | Reached skill level 9 in Hexes
  8137 | D:6      | Noticed Pikel
  8147 | D:6      | Killed Pikel
  8147 | D:6      | Reached skill level 3 in Dodging
  8506 | D:6      | Reached skill level 3 in Fighting
  8865 | D:7      | Reached XP level 10. HP: 25/84 MP: 11/17
  9434 | D:7      | Killed from afar by an electric eel

Skill      XL: |  1  2  3  4  5  6  7  8  9 10 |
---------------+-------------------------------+-----
Short Blades   | 2 3 4 5 |  5.1
Stealth        | 5 6 7 8 9 |  9.0
Spellcasting   | 3 5 |  5.0
Hexes          | 4 7 9 |  9.0
Fighting       | 3 |  3.2
Dodging        | 4 5 |  5.6

Action                   |  1- 3 |  4- 6 |  7- 9 | 10-12 || total
-------------------------+-------+-------+-------+-------++-------
Melee: Dagger            |    88 |   178 |   343 |    25 ||   634
 Fire: Hunting sling     |       |    28 |     3 |     6 ||    37
Throw: Stone             |     3 |     1 |     4 |       ||     8
 Cast: Corona            |     1 |     1 |       |       ||     2
       Confuse           |     2 |     1 |     7 |     3 ||    13
       Ensorcelled Hiber |       |     9 |    35 |    15 ||    59
Invok: Fungal Bloom      |       |     1 |    18 |     1 ||    20
 Abil: Spit Poison       |    25 |    29 |    17 |     8 ||    79
Evoke: Wand              |       |     2 |     1 |       ||     3
  Use: Scroll            |     3 |     3 |     8 |     1 ||    15
       Potion            |     1 |       |       |       ||     1
 Stab: Sleeping          |     3 |     2 |    36 |     3 ||    44
       Distracted        |       |     1 |     2 |       ||     3
       Confused          |       |       |     7 |     2 ||     9
  Eat: Chunk             |     2 |     9 |     8 |     1 ||    20
       Pizza             |       |     1 |       |       ||     1
       Beef jerky        |       |       |     1 |       ||     1
       Meat ration       |       |       |     1 |       ||     1
Armor: Robe              |    29 |    70 |    76 |     2 ||   177
       Skin              |     3 |       |       |       ||     3
Dodge: Dodged            |    52 |   136 |   135 |    11 ||   334
